 Dungeon Crawl Stone Soup version 0.29-a0-284-gf9362112df (webtiles) character file.

Game seed: 2413956095583020972

21 brightf1ame the Sneak (level 2, 0/19 HPs)
             Began as an Octopode Brigand on Mar 24, 2022.
             Succumbed to an adder's poison
             ... on level 2 of the Dungeon.
             The game lasted 00:10:47 (849 turns).

brightf1ame the Sneak (Octopode Brigand)             Turns: 849, Time: 00:10:47

Health: 0/19       AC:  1    Str: 10    XL:     2   Next: 83%
Magic:  2/2        EV: 12    Int: 13    God:
Gold:   78         SH:  0    Dex: 13    Spells: 1/1 levels left

rFire   . . .      SeeInvis .   a - +2 dagger
rCold   . . .      Faith    .   (no shield)
rNeg    . . .      Spirit   .   (helmet restricted)
rPois   .          Reflect  .   (no amulet)
rElec   .          Harm     .   (no ring)
rCorr   .          Rampage  .   (no ring)
Will    .....                   (no ring)
Stlth   ++++......              (no ring)
HPRegen 0.06/turn               (no ring)
MPRegen 0.08/turn               (no ring)
                                (no ring)
                                (no ring)

@: lethally poisoned (0 -> -8)
A: almost no armour, amphibious, 8 rings, camouflage 1, gelatinous body 1,
(nimble swimmer 1), tentacles
a: no special abilities


You were on level 2 of the Dungeon.
You visited 1 branch of the dungeon, and saw 2 of its levels.

You collected 78 gold pieces.

Inventory:

Hand Weapons
 a - a +2 dagger (weapon)
Missiles
 b - 8 poisoned darts (quivered)
 c - 3 curare-tipped darts
Armour
 d - a +0 barding
Potions
 e - a potion of invisibility {unknown}


   Skills:
 + Level 2.1 Fighting
 + Level 2.0 Short Blades
 + Level 2.2 Throwing
 + Level 1.0 Dodging
 + Level 6.2 Stealth


You had one spell level left.
You didn't know any spells.
Your spell library was empty.

Dungeon Overview and Level Annotations

Branches:
Dungeon (2/15)

Altars:


Innate Abilities, Weirdness & Mutations

You cannot wear most types of armour.
You are amphibious.
You can wear up to eight rings at the same time.
Your skin changes colour to match your surroundings (Stealth+).
Your rubbery body absorbs attacks. (AC +1, EV +1)
((You are camouflaged when in or above water. (Stealth+)))
You have tentacles for arms and can constrict up to eight enemies at once.


Message History

You now have 78 gold pieces (gained 15).
There are no items here.
A bat comes into view.
Found a viscous pink potion.
e - a viscous pink potion
Found a stone staircase leading up.
Found 16 gold pieces.
A bat is nearby!
A goblin comes into view. It is wielding a +0 dagger.
A kobold comes into view. It is wielding a +0 short sword.
The goblin shouts!
You hear an angry hiss.
You see here 7 gold pieces.
An adder comes into view.
The adder hisses angrily.
The goblin barely misses you.
You hit the goblin. Your grab misses the goblin.
The goblin is severely wounded.
The goblin hits you with a +0 dagger.
You hit the goblin.
You kill the goblin!
The kobold throws a stone.
The stone hits you.
You don't know any spells.
Throw: 9 darts (poison)
Press: ? - help, Q - select action, (/) - cycle Shift-Dir - straight line, f - adder
Aim: an adder (40% to hit)
You throw a poisoned dart. The poisoned dart hits the adder.
The adder is poisoned.
The adder bites you.
You are poisoned.
The adder poisons you!
You feel sick.
You hit the adder. Your grab misses the adder.
The adder is severely wounded.
You feel sick. The adder bites you.
You are lethally poisoned!
The adder poisons you!
The kobold hits you with a +0 short sword.
* * * LOW HITPOINT WARNING * * *
The kobold attacks as you move away! The kobold closely misses you.
You die...

. #.⌠.#.##........## #.#
#...#.##.##.##...## #.#
...###..##.##.#.....###.#
..............$.()...##..
........##.##...........#
$##......#.#.........##.#
###....#....SK....##
#..............##
.....<...@##..##
#######.#...#.##
##.....## ##...## #...#
#...# #...# .....


You could see an adder (poisoned) and a kobold.

Vanquished Creatures
  2 endoplasms (D:1)
  4 goblins
  3 hobgoblins (D:1)
  3 kobolds (D:1)
  A ball python (D:1)
  4 bats
  3 frilled lizards
20 creatures vanquished.

Notes
Turn   | Place    | Note
-------+----------+-------------------------------------------
     0 | D:1      | brightf1ame the Octopode Brigand began the quest for the
                  | Orb.
     0 | D:1      | Reached XP level 1. HP: 14/14 MP: 1/1
   143 | D:1      | Reached XP level 2. HP: 18/19 MP: 2/2
   543 | D:1      | Reached skill level 6 in Stealth
   849 | D:2      | Succumbed to an adder's poison

Illustrated notes

Levels and vault maps discovered:
D:1:      dpeg_arrival_windows_large_door, layout_basic, hex_large
D:2:      layout_loops_cross, fountainhead, chequers_garden

Skill      XL: |  1  2 |
---------------+-------+-----
Stealth        | 6 |  6.2
Fighting       | |  2.1
Short Blades   | |  2.0
Throwing       | |  2.2
Dodging        | |  1.0

Action                   || total
-------------------------++-------
Melee: Dagger            ||    31
       Constrict         ||     7
       Tentacles         ||     6
Throw: Dart              ||     1
  Use: Scroll            ||     5
       Potion            ||     1
 Stab: Sleeping          ||     8
Armor: Skin              ||     2
Dodge: Dodged            ||    21

Table legend: (Time is in decaauts)
 A = Elapsed time spent in this place.
 B = Non-inter-level travel time spent in this place.
 C = Inter-level travel time spent in this place.
 D = Time resting spent in this place.
 E = Time spent auto-exploring this place.
 F = Levels seen in this place.
 G = Mean time per level.
                   A        B        C        D        E       F      G
               +--------+--------+--------+--------+--------+-----+--------+
         Total |    845 |    388 |    457 |      0 |      0 |   2 |  422.5 |
       Dungeon |    845 |    388 |    457 |      0 |      0 |   2 |  422.5 |
               +--------+--------+--------+--------+--------+-----+--------+

Top non-repeatable levels by time:
     D:1: 749 daAuts
     D:2: 96 daAuts
